 Dungeon Crawl Stone Soup version 0.31-a0-1-g4198be8af4 (webtiles) character file.

Game seed: 13343758256103930786

352244 themarg the Worldbinder (level 22, 0/159 HPs)
             Began as a Merfolk Summoner on May 2, 2023.
             Was an Initiate of Gozag.
             Slain by a vault warden
             ... wielding a +2 halberd of flaming
              (10 damage)
             ... on level 3 of the Vaults.
             The game lasted 04:23:01 (72406 turns).

themarg the Worldbinder (Merfolk Summoner)         Turns: 72406, Time: 04:23:02

Health: 0/159      AC: 12    Str: 14    XL:     22   Next: 25%
Magic:  18/50      EV: 14    Int: 28    God:    Gozag
Gold:   8525       SH: 26    Dex: 26    Spells: 5/51 levels left

rFire   + . .        m - +9 demon trident (elec)
rCold   + + .        K - +5 kite shield {rC+}
rNeg    . . .        q - +0 acid dragon scales of Ethics {Will++ rCorr Int+3}
rPois   +            M - +2 helmet {Int+3}
rElec   +            y - +2 cloak
rCorr   +            v - +2 pair of gloves {Dex+3}
SInv    +            S - +2 pair of boots
Will    +++..        G - amulet "Yleituul" {Reflect *Corrode rElec Regen+ SH+5 Stlth-}
Stlth   ++           A - ring of Atasch {rPois Str+5 Dex+6 SInv}
HPRegen 1.26/turn    t - ring of magical power
MPRegen 0.32/turn

%: corrode self (3%), reflection
@: mighty, resistant, corroded, gold aura, hasted, invisible, very quick
A: (nimble swimmer 2), mertail
}: 2/15 runes: serpentine, barnacled
a: Renounce Religion, Potion Petition, Call Merchant, Bribe Branch


You were on level 3 of the Vaults.
You worshipped Gozag.
Gozag was greatly pleased with you.
You visited 7 branches of the dungeon, and saw 36 of its levels.

You collected 16695 gold pieces.
You spent 4095 gold pieces at shops.
You paid 4075 gold pieces to Gozag.

Inventory:

Hand Weapons
 m - a +9 demon trident of electrocution (weapon)
Missiles
 E - 29 poisoned darts (quivered)
 H - 5 throwing nets
 P - a curare-tipped dart
Armour
 q - the +0 acid dragon scales of Ethics (worn) {Will++ rCorr Int+3}
   (You found it on level 4 of the Shoals)

   Int:       It affects your intelligence (+3).
   rCorr:     It protects you from acid and corrosion.
   Will:      It greatly increases your willpower.
 v - a +2 pair of gloves of dexterity (worn)
 y - a +2 cloak (worn)
 K - a +5 kite shield of cold resistance (worn)
 M - a +2 helmet of intelligence (worn)
 S - a +2 pair of boots (worn)
 V - a +2 robe of the Archmagi
Jewellery
 t - a ring of magical power (right hand)
 A - the ring of Atasch (left hand) {rPois Str+5 Dex+6 SInv}
   (You found it on level 3 of the Shoals)

   [ring of see invisible]

   Str:       It affects your strength (+5).
   Dex:       It affects your dexterity (+6).
   rPois:     It protects you from poison.
   SInv:      It lets you see invisible.
 G - the amulet "Yleituul" (around neck) {Reflect *Corrode rElec Regen+ SH+5 Stlth-}
   (You took it off a deep elf sorcerer on level 3 of the Elven Halls)

   [amulet of reflection]

   It reflects blocked missile attacks.
   rElec:     It insulates you from electricity.
   Regen:     It increases your rate of health regeneration.
   *Corrode:  It may corrode you when you take damage.
   SH:        It affects your SH (+5).
   Stlth:     It makes you less stealthy.
 I - the ring "Yketar" {rF+ AC+4}
   (You took it off a vault sentinel on level 2 of the Vaults)

   [ring of protection]

   AC:        It affects your AC (+4).
   rF:        It protects you from fire.
Wands
 b - a wand of mindburst (22)
 c - a wand of flame (81)
 u - a wand of light (12)
 F - a wand of roots (29)
 O - a wand of paralysis (18)
 Q - a wand of digging (10)
Scrolls
 d - 7 scrolls of vulnerability
 h - 3 scrolls of magic mapping
 i - 25 scrolls of teleportation
 j - 8 scrolls of poison
 n - 8 scrolls of enchant weapon
 p - 11 scrolls of immolation
 s - 3 scrolls of butterflies
 D - 3 scrolls of silence
 J - 8 scrolls of fog
 U - 4 scrolls of torment
 W - a scroll of fear
 Y - 2 scrolls of blinking
Potions
 a - 4 potions of haste
 e - 5 potions of mutation
 g - 9 potions of heal wounds
 k - 9 potions of curing
 l - 6 potions of magic
 o - 6 potions of attraction
 w - 8 potions of brilliance
 x - 2 potions of flight
 z - 5 potions of ambrosia
 B - 8 potions of lignification
 C - 4 potions of invisibility
 N - 9 potions of might
 T - 4 potions of cancellation
 Z - 4 potions of resistance
Miscellaneous
 f - a phial of floods (inert)
 r - a phantom mirror
 R - a tin of tremorstones (2/2)
 X - a box of beasts


   Skills:
 - Level 10.0 Fighting
 - Level 12.0 Polearms
 - Level 6.0 Throwing
 - Level 5.0 Armour
 - Level 5.0 Dodging
 - Level 3.0 Stealth
 - Level 15.0 Shields
 - Level 15.0 Spellcasting
 - Level 5.0 Hexes
 - Level 22.0 Summonings
 - Level 12.0 Translocations
 - Level 4.0 Air Magic
 + Level 13.6 Evocations


You had 5 spell levels left.
You knew the following spells:

 Your Spells              Type           Power      Damage    Failure   Level
a - Summon Small Mammal   Summ           100%       N/A       0%          1
b - Summon Mana Viper     Hex/Summ       77%        N/A       1%          5
c - Summon Hydra          Summ           48%        N/A       1%          7
d - Malign Gateway        Summ/Tloc      43%        N/A       4%          7
e - Summon Forest         Summ/Tloc      43%        N/A       1%          5
f - Summon Horrible Thin  Summ           48%        N/A       4%          8
g - Monstrous Menagerie   Summ           48%        N/A       1%          7
h - Dispersal             Tloc           36%        N/A       7%          6

Your spell library contained the following spells:

 Spells                   Type           Power      Damage    Failure   Level
 Call Imp                 Summ           100%       N/A       0%          2
 Call Canine Familiar     Summ           97%        N/A       0%          3
 Slow                     Hex            100%       N/A       1%          1
 Gell's Gravitas          Tloc           73%        N/A       1%          3
 Summon Guardian Golem    Hex/Summ       77%        N/A       1%          3
 Teleport Other           Tloc           73%        N/A       1%          3
 Volatile Blastmotes      Fire/Tloc      100%       2d18      1%          3
 Summon Lightning Spire   Summ/Air       76%        N/A       1%          4
 Shock                    Conj/Air       100%       1d9       2%          1
 Confusing Touch          Hex            49%        N/A       2%          3
 Ensorcelled Hibernation  Hex/Ice        70%        N/A       3%          2
 Swiftness                Air            43%        N/A       3%          3
 Poisonous Vapours        Pois/Air       64%        N/A       4%          2
 Iskenderun's Mystic Bla  Conj/Tloc      53%        2d11      4%          4
 Cigotuvi's Dreadful Rot  Necr/Pois/Air  56%        N/A       5%          2
 Beastly Appendage        Tmut           42%        N/A       6%          1
 Magic Dart               Conj           84%        1d7       6%          1
 Sandblast                Erth           42%        2d11      6%          1
 Sting                    Tmut/Pois      84%        1d7       6%          1
 Dazzling Flash           Conj/Hex       70%        N/A       6%          3
 Cause Fear               Hex            24%        N/A       8%          4
 Passwall                 Tmut/Erth      17%        N/A       9%          2
 Scorch                   Fire           42%        2d7       9%          2
 Searing Ray              Conj           42%        2d6       9%          2
 Wereblood                Tmut           21%        N/A       9%          2
 Mephitic Cloud           Conj/Pois/Air  28%        N/A       11%         3
 Airstrike                Air            21%        2d(4-20)  12%         4
 Hailstorm                Conj/Ice       21%        3d6       19%         3
 Ignite Poison            Fire/Tmut/Pois 21%        N/A       19%         3
 Spider Form              Tmut/Pois      21%        N/A       19%         3
 Stone Arrow              Conj/Erth      42%        3d9       19%         3
 Vampiric Draining        Necr           21%        2d7       19%         3
 Anguish                  Hex/Necr       17%        N/A       22%         4
 Fulminant Prism          Conj/Hex       17%        3d10      22%         4
 Leda's Liquefaction      Hex/Erth       17%        N/A       22%         4
 Silence                  Hex/Air        23%        N/A       26%         5
 Dispel Undead            Necr           21%        3d11      52%         4
 Flame Wave               Conj/Fire      21%        2d8       52%         4
 Ice Form                 Ice/Tmut       21%        N/A       52%         4
 Olgreb's Toxic Radiance  Pois           21%        N/A       52%         4
 Petrify                  Tmut/Erth      21%        N/A       52%         4
 Metabolic Englaciation   Hex/Ice        17%        N/A       52%         5
 Arcjolt                  Conj/Air       16%        1d26      58%         5
 Freezing Cloud           Conj/Ice/Air   14%        6-21      69%         5
 Agony                    Necr           21%        N/A       86%         5
 Blade Hands              Tmut           10%        N/A       86%         5
 Irradiate                Conj/Tmut      10%        3d15      86%         5
 Iskenderun's Battlesphe  Conj           21%        2d7       86%         5
 Lee's Rapid Deconstruct  Erth           10%        3d8*      86%         5
 Summon Cactus Giant      Summ           48%        N/A       1%          6
 Spellforged Servitor     Conj/Summ      35%        N/A       50%         7
 Dragon's Call            Summ           48%        N/A       58%         9
 Disjunction              Tloc           36%        N/A       96%         8
 Conjure Ball Lightning   Conj/Air       16%        3x3d6     99%         6
 Plasma Beam              Fire/Air       16%        2x1d30    99%         6
 Death Channel            Necr           10%        N/A       100%        6
 Iron Shot                Conj/Erth      10%        9d3       100%        6
 Starburst                Conj/Fire      10%        6d5       100%        6
 Statue Form              Tmut/Erth      14%        N/A       100%        6
 Dragon Form              Tmut           10%        N/A       100%        7
 Storm Form               Tmut/Air       16%        N/A       100%        7
 Borgnjor's Revivificati  Necr           10%        N/A       100%        8
 Discord                  Hex            24%        N/A       100%        8
 Maxwell's Capacitive Co  Air            21%        ∞         100%        8
 Necromutation            Tmut/Necr      10%        N/A       100%        8
 Chain Lightning          Conj/Air       16%        3d21      100%        9
 Death's Door             Necr           10%        N/A       100%        9
 Simulacrum               Ice/Necr       Unusable   N/A       N/A         6

Dungeon Overview and Level Annotations

Branches:
Dungeon (15/15)            Temple (0/1) D:6            Lair (5/5) D:11
 Shoals (4/4) Lair:3        Snake (4/4) Lair:2        Slime (0/5) Lair:4
    Orc (2/2) D:9             Elf (3/3) Orc:2        Vaults (3/5) D:14
  Crypt (0/3) Vaults:3     Depths (0/4) D:15

Altars:
Gozag
Kikubaaqudgha
Makhleb
Sif Muna
Trog
Vehumet
Xom
Yredelemnul
Jiyva

Shops:
D:4 :::   D:12 (([?[   Orc:2 (?[*   Elf:1 (   Shoals:4 :   Snake:1 (?*
Snake:2 :=:   Vaults:3 :

Portals:
Trove: D:11 (give +5 ice dragon scales)

Annotations:
D:10 exclusion: upstairs
Lair:3 2 transporters, Pokonic1's ghost, journeyman GrFi
Lair:4 exclusion: 2 oklob plants
Shoals:2 Roxanne
Elf:2 2 runed translucent doors
Elf:3 36 runed doors, exclusion: 36 doors


Innate Abilities, Weirdness & Mutations

((You are very nimble when in or above water. (Stealth+, EV+, Speed+++)))
Your lower body shifts to a powerful aquatic tail in water.


Message History

Your large abomination hits the stone giant!!
Okay, then.
You feel much better.
You hit the tentacled monstrosity.
The tentacled monstrosity is severely wounded.
The vault warden hits you with a +2 halberd of flaming!
* * * LOW HITPOINT WARNING * * *
The vault warden burns you.
* * * LOW HITPOINT WARNING * * *
The ironbound convoker hits your large abomination with a +0 flail.
The grasping roots constrict your large abomination!
The grasping roots constrict your large abomination.
The grasping roots constrict your large abomination!
You block the tentacled monstrosity's attack.
The tentacled monstrosity barely misses you.
You block the tentacled monstrosity's attack.
The tentacled monstrosity constricts you.
* * * LOW HITPOINT WARNING * * *
The stone giant throws a large rock.
The large rock hits your large abomination!!!
Your large abomination is destroyed!
Your large abomination disappears in a puff of smoke!
Your large abomination struggles to escape constriction.
Your large abomination hits the ironbound convoker!!
The ironbound convoker dies!
The tentacled monstrosity's grasp on you weakens, but your attempt to escape fails.
Your large abomination hits the tentacled monstrosity!! x2
The tentacled monstrosity dies!
You swap places.
The stone giant hits your large abomination!!
Your large abomination is destroyed!
Your large abomination disappears in a puff of smoke!
You block the vault warden's attack.
Your large abomination barely misses the vault warden.
You feel much better.
The vault warden hits you from afar with a +2 halberd of flaming!!!
* * * LOW HITPOINT WARNING * * *
The vault warden burns you!
You die...
Your body crumbles into a pile of gold.

....>.#..#.)#)..#
......'.)#......#
.#
.....:#.........#
..
#######....#....#
.. #.#.......# #...
#..?.....C#####$...
#.......#X§$p$+^...
#####....§.X#$##...
#....#@X#.#
#..#.$....#
#.........#
#...#....$#
#.#....#..#
#.....##### #######


You could see a stone giant (unable to see you, ally target), a vault warden
(ally target) and 3 friendly large abominations.

Vanquished Creatures
  Nikola (Shoals:3)
  A deep elf blademaster (Elf:3)
  3 vault wardens
  2 ironbound preservers
  A very ugly thing (Vaults:1)
  2 deep elf annihilators (Elf:3)
  2 dire elephants
  A deep elf demonologist (Elf:3)
  A deep elf death mage (Elf:3)
  An ettin (Vaults:3)
  A merfolk javelineer (Shoals:4)
  2 yaktaur captains
  2 great orbs of eyes
  2 deep elf high priests
  2 ironbound frosthearts
  4 vault guards
  3 centaur warriors
  A boulder beetle (Vaults:1)
  A merfolk aquamancer (Shoals:4)
  An anaconda (Snake:2)
  A merfolk avatar (Shoals:4)
  A two-headed ogre (D:13)
  5 dancing weapons
  An orc high priest (Orc:2)
  A naga warrior (Snake:4)
  2 deep troll earth magi
  2 shock serpents
  A deep elf knight (Elf:2)
  7 deep trolls
  A flayed ghost (Vaults:3)
  A glowing orange brain (Vaults:3)
  2 sea snakes
  3 deep elf archers
  4 ironbound convokers
  An orc knight (Vaults:1)
  A wizard (Vaults:1)
  A phantasmal warrior (Vaults:3)
  3 deep elf zephyrmancers
  A harpy (Shoals:4)
  4 deep elf pyromancers
  3 mana vipers
  An ugly thing (Vaults:3)
  2 manticores
  2 merfolk sirens
  3 vault sentinels
  3 black mambas
  A naga mage (Snake:4)
  A cane toad (Lair:5)
  2 water nymphs
  An unseen horror (D:13)
  A komodo dragon (Lair:2)
  A kobold demonologist (D:11)
  10 yaktaurs
  A merfolk (Shoals:3)
  2 blink frogs (Lair:4)
  4 slime creatures
  2 air elementals
  A vampire (D:11)
  2 humans (D:14)
  An acid dragon (D:9)
  3 water moccasins
  2 black bears
  A centaur (D:9)
  4 nameless horrors
  3 bullfrogs
  An earth elemental (Elf:3)
  An electric eel (Lair:3)
  3 orc priests
  4 orc wizards
  3 adders
  4 gnolls
  A river rat (D:5)
  A white imp (D:5)
  An ufetubus (D:6)
  A dart slug (D:1)
  11 orcs
  2 endoplasms
  A goblin (D:3)
  4 hobgoblins
  3 kobolds
  3 quokkas
  4 ball pythons
  2 bats (D:1)
  3 rats (D:5)
  A spectral weapon (Snake:3)
188 creatures vanquished.

Vanquished Creatures (collateral kills)
  Vashnia (Snake:4)
  Jorgrun (Shoals:3)
  2 tentacled monstrosities
  A deep elf blademaster (Elf:3)
  Polyphemus (Shoals:2)
  3 krakens
  2 deep elf master archers (Elf:3)
  Frances (Shoals:1)
  Gastronok (Lair:1)
  Kirke (D:15)
  4 nagarajas
  The ghost of osoart the Warrior, an adept FoFi of Hepliaklqana (Snake:2)
  Ilsuiw (Shoals:2)
  3 deep elf sorcerers (Elf:3)
  Aizul (Snake:4)
  3 deep elf elementalists
  7 vault wardens
  The ghost of lotum the Brawler, a journeyman TrMo of Ru (Orc:2)
  4 orc warlords
  Louise (Shoals:1)
  2 war gargoyles (Vaults:3)
  5 ironbound preservers
  2 ironbound thunderhulks (Vaults:1)
  4 very ugly things
  7 deep elf demonologists
  10 dire elephants
  6 deep elf annihilators
  A bunyip (shapeshifter) (D:15)
  An ettin (Vaults:1)
  9 merfolk impalers
  7 deep elf death magi
  Josephine (D:15)
  4 merfolk javelineers
  A fire dragon (D:15)
  6 yaktaur captains
  4 catoblepae
  A hydra (Lair:5)
  An ogre mage (Vaults:3)
  Harold (Orc:1)
  4 great orbs of eyes
  3 salamander tyrants
  3 ironbound frosthearts
  The ghost of BlasphemerAmon the Grappler, a novice TrMo of Makhleb (D:9)
  6 vault guards
  A peacekeeper (Vaults:3)
  4 merfolk aquamancers
  10 centaur warriors
  10 anacondas
  3 two-headed ogres
  A merfolk avatar (Shoals:4)
  A deep troll earth mage (Vaults:2)
  5 satyrs
  7 boulder beetles
  18 naga warriors
  7 death yaks
  12 dancing weapons
  2 tengu warriors (D:14)
  3 orc high priests
  7 shock serpents
  Nergalle (Lair:2)
  13 deep elf knights
  19 naga sharpshooters
  5 salamander mystics
  5 skeletal warriors (D:14)
  3 skysharks
  13 deep trolls
  16 sea snakes
  A deep troll (shapeshifter) (Vaults:3)
  A glowing orange brain (D:15)
  9 naga ritualists
  13 orc knights
  4 wizards
  6 ironbound convokers
  2 necromancers (D:14)
  A lindwurm (Lair:5)
  14 deep elf archers
  A phantasmal warrior (Vaults:2)
  17 harpies
  31 deep elf zephyrmancers
  11 mana vipers
  34 deep elf pyromancers
  13 salamanders
  19 fauns
  4 orc sorcerers (Orc:2)
  7 cyclopes
  15 elephants
  14 ugly things
  10 merfolk sirens
  21 naga magi
  12 manticores
  8 guardian serpents
  55 black mambas
  An unseen horror (D:9)
  3 water nymphs
  8 cane toads
  6 vault sentinels
  A gargoyle (D:13)
  Maggie (D:7)
  A torpor snail (Lair:1)
  A yaktaur (shapeshifter) (D:15)
  A kobold demonologist (D:10)
  An efreet (D:15)
  11 komodo dragons
  28 yaktaurs
  3 meliai (D:15)
  23 merfolk
  A polar bear (Lair:1)
  3 trolls
  4 wind drakes
  20 blink frogs
  6 snapping turtles
  6 dream sheep
  25 slime creatures
  6 wraiths
  The ghost of Ahpoh the Slasher, an amateur VSFi of Uskayaw (D:5)
  An air elemental (Elf:2)
  2 shadows
  5 wyverns
  12 water elementals
  3 fire elementals
  18 humans (D:14)
  2 hogs (D:15)
  4 basilisks
  33 yaks
  A hog (shapeshifter) (Vaults:3)
  6 vampire mosquitoes
  2 steam dragons
  The ghost of retardedninja the Firebug, an amateur GnFE (D:3)
  Menkaure (D:4)
  38 nagas
  An acid dragon (D:10)
  A warg (Orc:2)
  16 water moccasins
  A floating eye (Vaults:3)
  17 nameless horrors
  22 orc warriors
  A sky beast (D:8)
  8 wolves
  9 centaurs
  4 ogres
  3 phantoms
  3 kobold brigands
  13 bullfrogs
  3 scorpions
  2 gnoll sergeants (D:8)
  3 wights (D:7)
  2 electric eels (Snake:4)
  4 howler monkeys
  4 jellies
  16 orc priests
  3 gnoll boudas
  An iguana (D:4)
  21 orc wizards
  6 hell rats
  23 gnolls
  8 adders
  5 river rats (D:5)
  A shadow imp (D:8)
  2 white imps
  3 worms
  3 dart slugs
  63 orcs
  2 bats
  7 endoplasms
  6 goblins
  5 hobgoblins
  10 quokkas
  2 ball pythons
  A frilled lizard (D:2)
  13 kobolds
  16 rats
  8 tentacles
1251 creatures vanquished.

Vanquished Creatures (others)
  An eldritch tentacle (Vaults:1)
  A deep elf demonologist (Elf:3)
  A naga sharpshooter (Snake:4)
  A naga ritualist (Snake:4)
  A harpy (Shoals:4)
  2 humans (D:15)
  An orc priest (Orc:2)
  An orc (D:9)
  32 fungi
  391 plants
  26 snaplasher vines
  12 spectral weapons
  15 tentacles
485 creatures vanquished.

Grand Total: 1924 creatures vanquished

Notes
Turn   | Place    | Note
-------+----------+-------------------------------------------
     0 | D:1      | themarg the Merfolk Summoner began the quest for the Orb.
     0 | D:1      | Reached XP level 1. HP: 13/13 MP: 3/3
   395 | D:1      | Reached skill level 1 in Fighting
   395 | D:1      | Reached XP level 2. HP: 21/21 MP: 1/5
   398 | D:1      | Learned a level 2 spell: Call Imp
   586 | D:1      | Found a faded altar of an unknown god.
  1474 | D:2      | Reached XP level 3. HP: 18/26 MP: 1/6
  1478 | D:2      | Learned a level 3 spell: Call Canine Familiar
  1534 | D:2      | Reached skill level 5 in Summonings
  1974 | D:2      | Reached XP level 4. HP: 32/32 MP: 3/7
  3005 | D:3      | Noticed an ogre
  3065 | D:2      | Reached skill level 6 in Summonings
  3065 | D:2      | Reached XP level 5. HP: 12/37 MP: 0/8
  3420 | D:3      | Found a runed translucent door.
  3431 | D:3      | Killed an ogre
  3496 | D:3      | Noticed retardedninja's ghost (amateur GnFE)
  3826 | D:4      | Reached skill level 7 in Summonings
  3826 | D:4      | Reached XP level 6. HP: 43/43 MP: 9/9
  3954 | D:4      | Found an ancient bone altar of Kikubaaqudgha.
  3989 | D:4      | Found a burning altar of Makhleb.
  3989 | D:4      | Found a radiant altar of Vehumet.
  3989 | D:4      | Found an opulent altar of Gozag.
  4025 | D:4      | Found Ruka's Book Emporium.
  4189 | D:4      | Noticed Menkaure
  4199 | D:4      | Killed Menkaure
  4200 | D:4      | Reached skill level 8 in Summonings
  4200 | D:4      | Reached XP level 7. HP: 37/48 MP: 10/10
  4471 | D:4      | Reached skill level 1 in Air Magic
  4539 | D:4      | Found Omyu's Book Boutique.
  4633 | D:4      | Found Effexequ's Tremendous Tomes.
  4712 | D:4      | Became a worshipper of Gozag Ym Sagoz the Greedy
  4742 | D:5      | Entered Level 5 of the Dungeon
  5101 | D:5      | Reached XP level 8. HP: 49/54 MP: 11/11
  5240 | D:5      | Reached skill level 9 in Summonings
  5475 | D:5      | Found a runed translucent gate.
  5475 | D:5      | Found a runed translucent gate.
  5475 | D:5      | Found a runed translucent gate.
  5476 | D:5      | Noticed Ahpoh's ghost (amateur VSFi)
  5578 | D:5      | Learned a level 4 spell: Summon Lightning Spire
  5726 | D:6      | Found a staircase to the Ecumenical Temple.
  6563 | D:7      | Noticed Maggie
  6589 | D:7      | Reached skill level 10 in Summonings
  6867 | D:7      | Reached XP level 9. HP: 25/63 MP: 13/13
  7185 | D:7      | Killed Maggie
  8026 | D:8      | Reached skill level 5 in Fighting
  8302 | D:8      | Reached skill level 5 in Spellcasting
  8302 | D:8      | Reached skill level 1 in Polearms
  8899 | D:8      | Identified the +2 robe "Teiph" {Rampage}
  9106 | D:9      | Reached skill level 5 in Polearms
  9141 | D:9      | Found a bloodstained altar of Trog.
  9197 | D:9      | Noticed an unseen horror
  9227 | D:9      | Killed an unseen horror
  9292 | D:9      | Found a large runed translucent door.
  9293 | D:9      | Found a large runed translucent door.
  9295 | D:9      | Noticed BlasphemerAmon's ghost (novice TrMo)
  9381 | D:9      | Reached skill level 1 in Evocations
  9381 | D:9      | Reached XP level 10. HP: 72/74 MP: 17/17
  9686 | D:9      | Found a shimmering blue altar of Sif Muna.
  9769 | D:9      | Found a staircase to the Orcish Mines.
 10232 | D:9      | Found a shimmering blue altar of Sif Muna.
 10401 | D:9      | Found a staircase to the Orcish Mines.
 10486 | D:9      | Noticed a two-headed ogre
 10490 | D:9      | Killed a two-headed ogre
 10683 | D:9      | Found a bloodstained altar of Trog.
 10874 | D:9      | Reached skill level 11 in Summonings
 11808 | D:4      | Bought a book of the Wilderness for 456 gold pieces
 11871 | D:3      | Killed retardedninja's ghost
 11979 | D:5      | Killed Ahpoh's ghost
 11980 | D:5      | Reached skill level 1 in Translocations
 12134 | D:10     | Entered Level 10 of the Dungeon
 12149 | D:9      | Noticed a cyclops
 12161 | D:9      | Killed a cyclops
 12560 | D:10     | Noticed a two-headed ogre
 12569 | D:10     | Killed a two-headed ogre
 12570 | D:10     | Reached skill level 12 in Summonings
 12673 | D:10     | Learned a level 5 spell: Summon Forest
 12719 | D:10     | Reached XP level 11. HP: 79/79 MP: 18/18
 12802 | D:10     | Reached skill level 5 in Translocations
 13581 | D:11     | You fall into a shaft and drop 3 floors!
 13689 | D:11     | Noticed a boulder beetle
 13742 | D:12     | Found Maecollu's Armour Emporium.
 13854 | D:11     | Reached skill level 13 in Summonings
 13909 | D:11     | Found a portal to a secret trove of treasure.
 14433 | D:11     | Noticed a fire crab
 14546 | Orc:1    | Entered Level 1 of the Orcish Mines
 14627 | Orc:2    | Entered Level 2 of the Orcish Mines
 14627 | Orc:2    | Noticed an orc sorcerer
 14637 | Orc:2    | Killed an orc sorcerer
 14734 | Orc:2    | Found a runed translucent gate.
 14734 | Orc:2    | Found a runed translucent gate.
 14735 | Orc:2    | Found a runed translucent gate.
 14736 | Orc:2    | Noticed lotum's ghost (journeyman TrMo)
 15275 | Orc:2    | Found a staircase to the Elven Halls.
 15303 | Orc:1    | Noticed an orc knight
 15303 | Orc:1    | Noticed an orc knight
 15486 | Orc:2    | Noticed an orc knight
 15499 | Orc:2    | Killed an orc knight
 15697 | Orc:2    | Noticed an orc high priest
 15701 | Orc:2    | Noticed an orc sorcerer
 15949 | Orc:2    | Paralysed by an orc sorcerer for 5 turns
 15951 | Orc:2    | Killed an orc sorcerer
 15953 | Orc:2    | Noticed a sun demon
 15955 | Orc:2    | Noticed a sixfirhy
 16092 | Orc:2    | Killed an orc high priest
 16181 | Orc:2    | Noticed an orc high priest
 16182 | Orc:2    | Noticed an orc knight
 16182 | Orc:2    | Noticed an orc knight
 16184 | Orc:2    | Noticed an orc high priest
 16188 | Orc:2    | Noticed an orc knight
 16189 | Orc:2    | Killed an orc high priest
 16190 | Orc:2    | Noticed an orc sorcerer
 16195 | Orc:2    | Reached XP level 12. HP: 63/91 MP: 11/21
 16371 | Orc:2    | Reached skill level 14 in Summonings
 16523 | Orc:2    | Killed an orc high priest
 16623 | Orc:2    | Paralysed by an orc sorcerer for 5 turns
 16676 | Orc:2    | Found Inwoacel's Weapon Emporium.
 16676 | Orc:2    | Found Coutim's Assorted Antiques.
 16681 | Orc:2    | Found Zikig's Magic Scroll Emporium.
 16681 | Orc:2    | Found Mockaom's Armour Shop.
 16689 | Orc:2    | Bought a scroll of fog for 60 gold pieces
 16690 | Orc:2    | Bought a +2 pair of gloves of dexterity for 301 gold pieces
 16692 | Orc:2    | Bought a glowing helmet for 195 gold pieces
 16692 | Orc:2    | Bought a scroll labelled DUDYGR OP MAN for 26 gold pieces
 16692 | Orc:2    | Bought a scroll labelled VIUGGI RIRURI for 26 gold pieces
 16717 | Orc:2    | Bought a scroll of identify for 30 gold pieces
 16723 | Orc:2    | Bought a scroll of magic mapping for 112 gold pieces
 16723 | Orc:2    | Bought a scroll of enchant armour for 112 gold pieces
 17039 | Orc:1    | Reached skill level 10 in Fighting
 17517 | Orc:1    | Noticed Harold
 17525 | Orc:1    | Killed Harold
 17538 | Orc:1    | Found a burning altar of Makhleb.
 17740 | Orc:1    | Noticed an orc high priest
 17747 | Orc:1    | Killed an orc high priest
 17924 | Orc:2    | Learned a level 6 spell: Summon Cactus Giant
 18372 | D:11     | Reached skill level 1 in Hexes
 18373 | D:11     | Killed a boulder beetle
 18374 | D:11     | Reached skill level 15 in Summonings
 18534 | D:11     | Found a staircase to the Lair.
 18997 | Orc:2    | Killed lotum's ghost
 19024 | Orc:2    | Identified the ring of the Firefly {rN++ EV+5}
 19274 | Lair:1   | Entered Level 1 of the Lair of Beasts
 19299 | Lair:1   | Noticed Gastronok
 19312 | Lair:1   | Killed Gastronok
 19313 | Lair:1   | Reached XP level 13. HP: 102/103 MP: 6/22
 19319 | Lair:1   | Learned a level 5 spell: Summon Mana Viper
 19665 | Lair:1   | Reached skill level 5 in Evocations
 19813 | Lair:1   | Reached skill level 1 in Throwing
 20576 | Lair:1   | Reached skill level 1 in Shields
 21114 | Lair:2   | Found a staircase to the Snake Pit.
 21263 | Lair:2   | Reached skill level 5 in Shields
 21400 | Lair:2   | Noticed Nergalle
 21409 | Lair:2   | Killed Nergalle
 23543 | Lair:3   | Found a transporter.
 23549 | Lair:3   | Found a bloodstained altar of Trog.
 23551 | Lair:3   | Noticed Pokonic1's ghost (journeyman GrFi)
 23560 | Lair:3   | Found a transporter.
 23583 | Lair:3   | Found a staircase to the Shoals.
 24445 | Lair:4   | Found a staircase to the Slime Pits.
 24736 | Lair:4   | Reached XP level 14. HP: 96/110 MP: 10/23
 25218 | Lair:4   | Found a viscous altar of Jiyva.
 25282 | Lair:4   | Identified the +5 ring mail of Midsummer {rN++ Str+4 Dex-2}
 25294 | Lair:4   | Reached skill level 10 in Shields
 25634 | Lair:5   | Entered Level 5 of the Lair of Beasts
 27178 | Lair:5   | Noticed a dire elephant
 27216 | Lair:5   | Killed a dire elephant
 27581 | Lair:5   | Noticed a dire elephant
 27590 | Lair:5   | Killed a dire elephant
 28058 | D:12     | Found Ajajyif's Antique Armour Shop.
 28058 | D:12     | Found Boozophe's Magic Scroll Emporium.
 28062 | D:12     | Bought a glowing cloak for 172 gold pieces
 28079 | D:12     | Bought a scroll of butterflies for 56 gold pieces
 28079 | D:12     | Bought a scroll of blinking for 105 gold pieces
 28079 | D:12     | Bought a scroll of teleportation for 42 gold pieces
 28079 | D:12     | Bought a scroll of identify for 28 gold pieces
 28079 | D:12     | Bought a scroll of teleportation for 42 gold pieces
 28079 | D:12     | Bought a scroll of teleportation for 42 gold pieces
 28260 | D:12     | Found a shimmering altar of Xom.
 28308 | D:12     | Found the +3 greatsling "Punk" {acid, rCorr}
 28375 | D:12     | Found Ludeg's Antique Weapon Shop.
 28389 | D:12     | Found Kecargh's Antique Weapon Shoppe.
 29552 | D:13     | Reached XP level 15. HP: 115/115 MP: 20/26
 30162 | D:14     | Identified the +1 robe "Oram Ygh" {Dex+4}
 30178 | D:14     | Found a bloodstained altar of Trog.
 30567 | D:14     | Reached skill level 5 in Dodging
 31068 | D:14     | Found a gate to the Vaults.
 31208 | D:14     | Identified the +7 whip of the Revolution {freeze, rF++
                  | SInv}
 32126 | D:15     | Entered Level 15 of the Dungeon
 32434 | D:15     | Noticed Josephine
 32443 | D:15     | Killed Josephine
 32459 | D:15     | Noticed Kirke
 32475 | D:15     | Killed Kirke
 32476 | D:15     | Reached skill level 15 in Shields
 33560 | D:15     | Found a staircase to the Depths.
 34422 | D:9      | Killed BlasphemerAmon's ghost
 34647 | D:4      | Bought the Compilation of the Endless Continents for 1200
                  | gold pieces
 34846 | Snake:1  | Entered Level 1 of the Snake Pit
 35153 | Snake:1  | Reached XP level 16. HP: 113/122 MP: 29/29
 35258 | Snake:1  | Reached skill level 10 in Spellcasting
 35624 | Snake:1  | Found Feutuku's Weapon Shop.
 35653 | Snake:1  | Found Viroklui's Assorted Antiques.
 35653 | Snake:1  | Found Ytaurchu's Magic Scroll Emporium.
 35668 | Snake:1  | Bought a scroll of magic mapping for 97 gold pieces
 35668 | Snake:1  | Bought a scroll of magic mapping for 97 gold pieces
 35668 | Snake:1  | Bought a scroll of fog for 52 gold pieces
 35668 | Snake:1  | Bought a scroll of enchant armour for 97 gold pieces
 35668 | Snake:1  | Bought a scroll of fog for 52 gold pieces
 35668 | Snake:1  | Bought a scroll of identify for 26 gold pieces
 35668 | Snake:1  | Bought a scroll of amnesia for 52 gold pieces
 35668 | Snake:1  | Bought a scroll of teleportation for 39 gold pieces
 35954 | Snake:1  | Reached skill level 10 in Evocations
 36393 | Snake:2  | Reached skill level 5 in Hexes
 36703 | Snake:2  | Found Kecargh's Book Shop.
 36703 | Snake:2  | Found Soeriut's Jewellery Shoppe.
 36704 | Snake:2  | Found Myulelett's Book Shop.
 37174 | Snake:2  | Found a large runed translucent door.
 37174 | Snake:2  | Found a large runed translucent door.
 37176 | Snake:2  | Found the +0 pair of fencer's gloves {Riposte Dex+3}
 37177 | Snake:2  | Noticed osoart's ghost (adept FoFi)
 37200 | Snake:2  | Killed osoart's ghost
 37354 | Snake:2  | Reached skill level 16 in Summonings
 37416 | Snake:2  | HP: 4/122 [shock serpent (4)]
 38551 | Snake:2  | Learned a level 7 spell: Monstrous Menagerie
 38617 | Snake:1  | Bought a scroll of identify for 26 gold pieces
 39286 | Snake:3  | Identified the +4 rapier of Cife {heavy, Str+3 SInv}
 39650 | Snake:3  | Reached skill level 17 in Summonings
 40260 | Snake:3  | Reached XP level 17. HP: 128/128 MP: 16/31
 41179 | Snake:3  | Learned a level 7 spell: Summon Hydra
 41703 | Shoals:1 | Entered Level 1 of the Shoals
 41730 | Shoals:1 | Noticed Frances
 41746 | Shoals:1 | Killed Frances
 42097 | Shoals:1 | Reached skill level 5 in Throwing
 42197 | Shoals:1 | Noticed Louise
 42725 | Snake:4  | Entered Level 4 of the Snake Pit
 43616 | Snake:4  | Noticed Vashnia
 43927 | Snake:4  | Killed Vashnia
 44540 | Snake:4  | Noticed Aizul
 44551 | Snake:4  | Reached skill level 18 in Summonings
 45027 | Snake:4  | Killed Aizul
 46109 | Snake:4  | Reached skill level 19 in Summonings
 46126 | Snake:4  | Reached XP level 18. HP: 134/134 MP: 4/32
 47583 | Snake:4  | Got a serpentine rune of Zot
 48211 | Shoals:1 | Killed Louise
 49086 | Shoals:1 | Reached skill level 20 in Summonings
 50101 | Shoals:2 | Noticed Ilsuiw
 50105 | Shoals:2 | Killed Ilsuiw
 50992 | Shoals:2 | Identified the +0 pair of gloves "Wum Jes" {Rampage rPois
                  | rF- rC-}
 51147 | Shoals:2 | Noticed Roxanne
 51340 | Shoals:2 | Noticed Polyphemus
 51375 | Shoals:2 | Killed Polyphemus
 52035 | Shoals:3 | Noticed Nikola
 52207 | Shoals:3 | Killed Nikola
 53527 | Shoals:3 | Noticed Jorgrun
 53536 | Shoals:3 | Killed Jorgrun
 53860 | Shoals:3 | Reached XP level 19. HP: 140/140 MP: 4/34
 54038 | Shoals:3 | Noticed a tentacled monstrosity
 54046 | Shoals:3 | Killed a tentacled monstrosity
 54053 | Shoals:3 | Got the Handbook of Mad Ravings
 54055 | Shoals:3 | Identified the ring of Atasch {rPois Str+5 Dex+6 SInv}
 54238 | Shoals:4 | Entered Level 4 of the Shoals
 55829 | Shoals:4 | Got a barnacled rune of Zot
 55880 | Shoals:4 | Reached skill level 10 in Translocations
 55904 | Shoals:4 | Identified the +2 ring mail "Kaeg" {rC+}
 56311 | Shoals:4 | Identified the +6 short sword of Strategic Superiority
                  | {holy, Will+}
 56379 | Shoals:4 | Found Peqaik's Book Emporium.
 56401 | Shoals:4 | Identified the +0 acid dragon scales of Ethics {Will++
                  | rCorr Int+3}
 57298 | Shoals:4 | Learned a level 6 spell: Dispersal
 57631 | Elf:1    | Entered Level 1 of the Elven Halls
 58502 | Elf:1    | Found Susmu's Weapon Shop.
 58779 | Elf:1    | Identified the +10 dagger "Hex Sisouq" {flame, Str+4 Dex+3}
 60185 | Elf:2    | Reached XP level 20. HP: 147/147 MP: 33/37
 60881 | Elf:2    | Learned a level 7 spell: Malign Gateway
 61379 | Elf:2    | Found a runed translucent door.
 61472 | Elf:2    | Found a runed translucent door.
 61655 | Elf:3    | Entered Level 3 of the Elven Halls
 62023 | Elf:3    | Identified the amulet "Yleituul" {Reflect *Corrode rElec
                  | Regen+ SH+5 Stlth-}
 62204 | Elf:3    | Identified the +6 lajatang of Discord {heavy, rC+}
 62229 | Elf:3    | Paralysed by an air elemental for 1 turns
 62231 | Elf:3    | Paralysed by an air elemental for 1 turns
 62612 | Elf:3    | Noticed a Tzitzimitl
 62788 | Elf:3    | Identified the ring "Nuoloob" {Fly rPois rCorr Slay-2}
 62861 | Elf:3    | Identified the +5 glaive "Log Ming" {flame, rC+ rN+ Str+2
                  | Int-5 Dex+2}
 62861 | Elf:3    | Identified the +2 leather armour of the Gastropod {-Tele
                  | Fly Dex+5}
 63021 | Elf:3    | Reached skill level 15 in Spellcasting
 63603 | Elf:3    | Found a huge runed gate.
 63603 | Elf:3    | Found a huge runed gate.
 63603 | Elf:3    | Found a huge runed gate.
 63603 | Elf:3    | Found a huge runed gate.
 63603 | Elf:3    | Found a huge runed gate.
 63603 | Elf:3    | Found a huge runed gate.
 63603 | Elf:3    | Found a huge runed gate.
 63603 | Elf:3    | Found a huge runed gate.
 63603 | Elf:3    | Found a huge runed gate.
 63605 | Elf:3    | Found a huge runed gate.
 63861 | Elf:3    | Found a huge runed gate.
 63861 | Elf:3    | Found a huge runed gate.
 63862 | Elf:3    | Found a huge runed gate.
 63863 | Elf:3    | Found a huge runed gate.
 63864 | Elf:3    | Found a huge runed gate.
 63865 | Elf:3    | Found a huge runed gate.
 63866 | Elf:3    | Found a huge runed gate.
 63867 | Elf:3    | Found a huge runed gate.
 63868 | Elf:3    | Found a huge runed gate.
 63878 | Elf:3    | Found a huge runed gate.
 63878 | Elf:3    | Found a huge runed gate.
 63878 | Elf:3    | Found a huge runed gate.
 63878 | Elf:3    | Found a huge runed gate.
 63878 | Elf:3    | Found a huge runed gate.
 63878 | Elf:3    | Found a huge runed gate.
 63879 | Elf:3    | Found a huge runed gate.
 63880 | Elf:3    | Found a huge runed gate.
 63881 | Elf:3    | Found a huge runed gate.
 63890 | Elf:3    | Found a huge runed gate.
 63890 | Elf:3    | Found a huge runed gate.
 63890 | Elf:3    | Found a huge runed gate.
 63890 | Elf:3    | Found a huge runed gate.
 63892 | Elf:3    | Found a huge runed gate.
 63896 | Elf:3    | Found a huge runed gate.
 63898 | Elf:3    | Found a huge runed gate.
 63898 | Elf:3    | Found a huge runed gate.
 64003 | Elf:3    | Identified the +1 falchion "Zydem" {heavy, Fly rC- Int+4}
 64054 | Elf:3    | Reached skill level 21 in Summonings
 64262 | Elf:3    | Learned a level 8 spell: Summon Horrible Things
 64545 | Elf:3    | Identified the staff of death "Yretz" {rElec rN+ Str+2
                  | Int-5}
 64549 | Elf:3    | Identified the +8 longbow of Xeytro {freeze, +Blink rN+
                  | Str+4 Dex-2}
 64651 | Elf:3    | Got the Guidebook on Inhalation
 64714 | Elf:3    | Identified the +1 plate armour "Nifropell" {Rampage Str+3}
 65205 | Vaults:1 | Entered Level 1 of the Vaults
 65340 | Vaults:1 | Reached skill level 1 in Armour
 65722 | Vaults:1 | Found the +10 dark maul {heavy}
 65730 | Vaults:1 | Reached XP level 21. HP: 153/153 MP: 24/40
 66914 | Vaults:1 | Identified the +6 shortbow of Armageddon {freeze, Fly rPois
                  | Will+ Str+4}
 67339 | Vaults:1 | Reached skill level 5 in Armour
 67463 | Vaults:1 | Reached skill level 22 in Summonings
 67970 | Vaults:2 | Reached skill level 10 in Polearms
 69766 | Vaults:2 | Identified the +6 war axe "Kiduar" {drain, rPois Str-5
                  | Int+3 Dex+5}
 69795 | Vaults:2 | Identified the ring "Yketar" {rF+ AC+4}
 70392 | D:4      | Bought a book of the Dragon for 552 gold pieces
 71577 | Vaults:3 | Reached XP level 22. HP: 155/159 MP: 20/41
 71689 | Vaults:3 | Found Pojineow's Book Boutique.
 71796 | Vaults:3 | Found a staircase to the Crypt.
 71796 | Vaults:3 | Found a basalt altar of Yredelemnul.
 71796 | Vaults:3 | Found an ancient bone altar of Kikubaaqudgha.
 72262 | Vaults:3 | Identified the +9 rapier "Beastbane" {freeze, rF+ Dex+3
                  | Stlth-}
 72406 | Vaults:3 | Slain by a vault warden

Illustrated notes

Levels and vault maps discovered:
D:1:      dpeg_arrival_simpleton_a, layout_basic,
          hellmonk_ecumenical_altar_lost_god, minmay_pentomino_z4
D:2:      layout_loops_corners, supply_closet_lemuel
D:3:      layout_basic, ebering_ghost_inner_flame, minivault_23,
          roderic_roman_lattice, minmay_cupped
D:4:      layout_loops_ring, grunt_temple_overflow_open, serial_rivers,
          chequers_serial_rivers_small_b, chequers_serial_rivers_micro_b,
          chequers_serial_rivers_marsh, chequers_serial_rivers_micro_e,
          chequers_serial_rivers_small_a, serial_shops,
          nicolae_book_shop_shelving, nicolae_shop_window_shopping,
          nicolae_shop_i_like_big_books, amethyst_killhole, uniq_menkaure
D:5:      lemuel_ratsnest, layout_rooms, ebering_ghost_rock_garden
D:6:      layout_basic, minmay_temple_entry_statues
D:7:      layout_basic, uniq_maggie
D:8:      layout_basic, serial_park_tiny_pond, minmay_misc_feat_x
D:9:      kennysheep_six_static_rooms, layout_loops_corners, tgw_sif,
          nicolae_overflow_hidden_temple, ebering_ghost_disaster_area
D:10:     layout_roguey [special_room_orc]
D:11:     layout_loops_cross, david_lair_shrubbed, nicolae_trove_entry_isolated,
          chequers_serial_rivers_micro_e, hangedman_decor_clover_reticule,
          st_stairs_9
D:12:     layout_basic, serial_shops, shop, nicolae_shop_crystal, shop,
          nicolae_shop_behind_doors, kennysheep_little_box, tgw_xom
D:13:     layout_roguey
D:14:     layout_layer_cave, grunt_vaults_entry_tiered, serial_park_tiny_1,
          bloody_trog
D:15:     gammafunk_enter_depths_forms, layout_irregular_city, grunt_tough_drop,
          uniq_kirke, uniq_josephine
Lair:1:   layout_layer_cave, grunt_megastairs_2, uniq_gastronok
Lair:2:   beargit_carnivore_pack, layout_loops_ring,
          minmay_snake_entry_guardpost_small, grunt_megastairs_3, uniq_nergalle
Lair:3:   layout_regular_city, shoals_dummy_entry,
          gammafunk_ghost_wrathful_warriors, amcnicky_mini_pool_medium,
          infiniplex_staircase_pool_2, serial_bayou_shore_a
Lair:4:   layout_gridlike, minmay_slime_entry_oklob_open
Lair:5:   hangedman_lair_in_review, layout_misc_corridors, lemuel_fruit_tree
Shoals:1: layout_shoals, uniq_louise, uniq_frances
Shoals:2: layout_shoals, nicolae_shoals_lost_giant_pillars, uniq_polyphemus,
          uniq_ilsuiw, uniq_roxanne
Shoals:3: dreamdust_from_the_deep, layout_shoals, uniq_jorgrun, uniq_nikola
Shoals:4: shoals_end_grunt_garden, layout_shoals, serial_shops,
          nicolae_shop_tiny_statue_garden
Snake:1:  layout_misc_corridors, serial_shops, nicolae_shop_tiny_statue_garden,
          minmay_shoptagon
Snake:2:  layout_layer_cave, ebering_ghost_disaster_area,
          portal_ice_cave_entry_pillars_three, minmay_shop_grove
Snake:3:  nrook_guardian_serpent_snake_passage, layout_onion_interference,
          nicolae_triple_integral, grunt_megastairs_5
Snake:4:  snake_pit, layout_onion_interference, nicolae_snake_snake_lake,
          nicolae_snake_snakes_in_the_grass, uniq_vashnia, uniq_aizul
Orc:1:    layout_diamond_mine, basic_altar, bh_open_orc_temple, uniq_harold
Orc:2:    grunt_orc_tribal_feast, layout_diamond_mine, ebering_ghost_rock_garden
Elf:1:    eino_elf_arrival_customs, layout_geoelf_diagonals, serial_shops, shop,
          hangedman_elf_represent
Elf:2:    nicolae_elf_blades_splatter_lattice
          [nicolae_blade_entry_splitting_headache], layout_loops_cross,
          st_stairs_10, minmay_misc_feat_rows, uniq_zenata
Elf:3:    grunt_elf_hall_spiral, layout_loops_corners, door_vault
Vaults:1: vaults_dpeg_hooks, ontoclasm_vaults_fault, v_misc_29,
          nicolae_vaults_murder_corner, nicolae_vaults_mitosis,
          nicolae_vaults_cornered_office, nicolae_vaults_two_Ls,
          nicolae_vaults_lightning_bolt, nicolae_vaults_border_crossing,
          v_misc_33, nicolae_vaults_storage_closets_1, ontoclasm_vaults_pinch,
          layout_vaults_omnibox
Vaults:2: nicolae_vaults_little_ls, vaults_mumra_minichess,
          hangedman_vaults_capsules, nicolae_vaults_trapezoid_layered,
          grunt_vaults_hallway_long, v_misc_23, nicolae_vaults_theta,
          nicolae_vaults_trapezoid_4, vaults_room_hangedman_quadrants,
          layout_vaults_omnigrid
Vaults:3: vaults_room_octagon, minmay_crypt_entry_necro_gods,
          hangedman_vaults_river_flow, st_greater_box_2, nicolae_vaults_big_ls,
          v_alt_pattern_1, nicolae_vaults_two_Ls, vaults_mumra_lcd,
          ontoclasm_vaults_idyll, nicolae_vaults_closet_pinwheel_4,
          layout_vaults_maze_snakey, serial_shops, shop

Skill      XL: |  1  2  3  4  5  6  7  8  9 10 11 12 13 14 15 16 17 18 19 20 21 22 |
---------------+-------------------------------------------------------------------+-----
Fighting       | 1 3 5 7 10 | 10.0
Summonings     | 5 6 7 8 10 12 13 15 17 19 20 21 22 | 22.0
Dodging        | 3 4 5 |  5.0
Air Magic      | 2 4 |  4.0
Spellcasting   | 3 5 6 7 9 10 11 13 15 | 15.0
Polearms       | 7 9 12 | 12.0
Evocations     | 1 2 3 5 8 10 12 13 | 13.6
Stealth        | 3 |  3.0
Translocations | 4 5 6 7 11 12 | 12.0
Hexes          | 4 5 |  5.0
Throwing       | 2 3 6 |  6.0
Shields        | 9 13 15 | 15.0
Armour         | 2 5 |  5.0

Action                     |  1- 3 |  4- 6 |  7- 9 | 10-12 | 13-15 | 16-18 | 19-21 | 22-24 || total
---------------------------+-------+-------+-------+-------+-------+-------+-------+-------++-------
  Melee: Club              |    16 |       |       |       |       |       |       |       ||    16
         Punch             |     1 |       |     1 |     2 |       |       |       |       ||     4
         Spear             |    21 |    70 |   134 |   244 |   346 |   533 |   119 |       ||  1467
         Trident           |       |       |    11 |       |       |       |       |       ||    11
         Tailslap          |       |       |       |     2 |     2 |    13 |    12 |       ||    29
         Demon trident     |       |       |       |       |       |       |   402 |    84 ||   486
  Throw: Dart              |       |       |       |     3 |       |       |       |       ||     3
   Cast: Summon Small Mamm |    38 |     9 |     2 |     4 |       |       |       |       ||    53
         Call Imp          |    13 |    15 |    13 |     3 |       |       |       |       ||    44
         Call Canine Famil |     2 |    26 |    47 |    71 |    59 |    18 |       |       ||   223
         Summon Lightning  |       |       |    31 |    95 |    96 |    26 |     8 |       ||   256
         Summon Forest     |       |       |       |    35 |    54 |    56 |    26 |     3 ||   174
         Summon Cactus Gia |       |       |       |     5 |    98 |    46 |     1 |       ||   150
         Summon Mana Viper |       |       |       |       |    84 |    40 |     1 |       ||   125
         Monstrous Menager |       |       |       |       |       |   210 |   290 |    17 ||   517
         Summon Hydra      |       |       |       |       |       |   115 |   142 |     7 ||   264
         Summon Horrible T |       |       |       |       |       |       |     1 |     1 ||     2
         Dispersal         |       |       |       |       |       |       |     1 |     1 ||     2
         Malign Gateway    |       |       |       |       |       |       |     1 |       ||     1
 Invoke: Potion Petition   |       |       |       |     1 |       |     4 |     3 |     2 ||    10
  Evoke: Wand              |       |       |     1 |     7 |     1 |     9 |    12 |     1 ||    31
         Phial of floods   |       |       |       |       |     1 |     3 |     1 |       ||     5
         Phantom mirror    |       |       |       |       |     1 |     2 |       |       ||     3
         Tin of tremorston |       |       |       |       |       |     2 |     2 |       ||     4
    Use: Scroll            |       |     5 |     6 |    15 |    13 |    15 |    10 |       ||    64
         Potion            |       |       |     2 |     2 |     2 |     2 |       |     5 ||    13
   Stab: Distracted        |     1 |     1 |     3 |    10 |    18 |    31 |    36 |     2 ||   102
         Sleeping          |       |     1 |       |       |     1 |       |       |       ||     2
         Confused          |       |       |       |       |       |     4 |     6 |       ||    10
         Paralysed         |       |       |       |       |       |     9 |     1 |       ||    10
         Petrified         |       |       |       |       |       |       |       |     4 ||     4
 Armour: Robe              |     3 |     4 |    15 |    43 |    56 |    85 |    14 |       ||   220
         Acid dragon scale |       |       |       |       |       |       |    62 |    14 ||    76
  Dodge: Dodged            |    19 |    33 |    82 |   136 |    93 |   138 |   130 |    13 ||   644
  Block: Kite shield       |       |       |       |       |    75 |   371 |   466 |    65 ||   977
         Reflection        |       |       |       |       |       |       |    54 |     8 ||    62

Table legend: (Time is in decaauts)
 A = Elapsed time spent in this place.
 B = Non-inter-level travel time spent in this place.
 C = Inter-level travel time spent in this place.
 D = Time resting spent in this place.
 E = Time spent auto-exploring this place.
 F = Levels seen in this place.
 G = Mean time per level.
                   A        B        C        D        E       F      G
               +--------+--------+--------+--------+--------+-----+--------+
         Total |  71463 |  65452 |   6011 |  13242 |  37749 |  36 | 1985.1 |
       Dungeon |  23740 |  20089 |   3651 |   1608 |  14229 |  15 | 1582.7 |
          Lair |   9671 |   9029 |    642 |    938 |   6989 |   5 | 1934.2 |
        Shoals |   8861 |   8640 |    221 |   2670 |   4145 |   4 | 2215.2 |
     Snake Pit |  11749 |  11337 |    412 |   3727 |   4665 |   4 | 2937.2 |
  Orcish Mines |   4005 |   3437 |    568 |   1097 |   1263 |   2 | 2002.5 |
   Elven Halls |   6736 |   6452 |    284 |   2384 |   2078 |   3 | 2245.3 |
        Vaults |   6699 |   6467 |    232 |    816 |   4379 |   3 | 2233.0 |
               +--------+--------+--------+--------+--------+-----+--------+

Top non-repeatable levels by time:
 Snake:4: 4219 daAuts
     D:9: 3548 daAuts
 Snake:3: 3516 daAuts
Shoals:3: 3114 daAuts
   Elf:3: 2959 daAuts
Vaults:2: 2627 daAuts
  Lair:3: 2532 daAuts
Shoals:2: 2490 daAuts
   Orc:2: 2486 daAuts
Vaults:1: 2482 daAuts
 Snake:2: 2219 daAuts
  Lair:5: 2207 daAuts
Shoals:4: 2070 daAuts
    D:15: 2067 daAuts
    D:14: 1977 daAuts
